 Dungeon Crawl Stone Soup version 0.29-a0-270-g1586fc07ea (webtiles) character file.

Game seed: 944430630081641026

1605 siradein the Purveyor of Pain (level 8, -1/48 HPs)
             Began as a Gargoyle Necromancer on Mar 7, 2022.
             Was an Initiate of Kikubaaqudgha.
             Slain by a two-headed ogre
             ... wielding a +0 giant club
              (14 damage)
             ... on level 5 of the Dungeon.
             The game lasted 00:28:29 (8387 turns).

siradein the Purveyor of Pain (GrNe)                Turns: 8387, Time: 00:28:29

Health: -1/48      AC: 16    Str: 17    XL:     8   Next: 94%
Magic:  2/14       EV: 12    Int: 19    God:    Kikubaaqudgha [......]
Gold:   206        SH:  0    Dex: 10    Spells: 7/15 levels left

rFire   + . .      SeeInvis .   e - +0 quarterstaff
rCold   . . .      Faith    .   (shield currently unavailable)
rNeg    + . .      Spirit   .   b - +1 leather armour {rF+}
rPois   ∞          Reflect  .   m - +1 helmet
rElec   +          Harm     .   (no cloak)
rCorr   .          Rampage  .   (no gloves)
Will    .....                   (no boots)
Stlth   ++........              (no amulet)
HPRegen 0.16/turn               i - +6 ring of strength
MPRegen 0.14/turn               x - +4 ring of protection

@: no status effects
A: sickness immunity, AC +5, negative energy resistance 1, electricity
resistance, torment resistance 1, petrification resistance
a: Renounce Religion


You were on level 5 of the Dungeon.
You worshipped Kikubaaqudgha.
Kikubaaqudgha was noncommittal.
You visited 2 branches of the dungeon, and saw 6 of its levels.
You also visited: Sewer.

You collected 206 gold pieces.

Inventory:

Hand Weapons
 e - a +0 quarterstaff (weapon)
 w - a +0 flail
Armour
 b - a +1 leather armour of fire resistance (worn)
 m - a +1 helmet (worn)
Jewellery
 i - a +6 ring of strength (left hand)
 q - a ring of positive energy
 x - a +4 ring of protection (right hand)
Wands
 a - a wand of acid (7)
 u - a wand of iceblast (14)
 z - a wand of mindburst (2)
Scrolls
 c - a scroll of magic mapping {unknown}
 f - 3 scrolls of torment
 j - a scroll of vulnerability {unknown}
 k - a scroll of fog {unknown}
 n - a scroll of fear {unknown}
 o - 2 scrolls of enchant armour {unknown}
 v - 2 scrolls of blinking
 y - a scroll of teleportation {unknown}
Potions
 d - 2 potions of lignification {unknown}
 g - 2 potions of flight
 h - a potion of brilliance {unknown}
 l - a potion of attraction
 p - 3 potions of curing
 r - a potion of haste {unknown}
 s - a potion of degeneration {unknown}
 t - a potion of might {unknown}


   Skills:
 + Level 4.5 Fighting
 + Level 2.4 Maces & Flails
 + Level 4.2 Armour
 + Level 3.8 Dodging
 - Level 2.1 Stealth
 + Level 4.4 Spellcasting
 * Level 6.1 Necromancy


You had 7 spell levels left.
You knew the following spells:

 Your Spells              Type           Power      Damage    Failure   Level
a - Pain                  Necr           100%       1d9       1%          1
b - Vampiric Draining     Necr           27%        2d7       3%          3
c - Animate Dead          Necr           13%        N/A       13%         4

Your spell library contained the following spells:

 Spells                   Type           Power      Damage    Failure   Level
 Animate Skeleton         Necr           54%        N/A       1%          1
 Agony                    Necr           27%        N/A       34%         5


Dungeon Overview and Level Annotations

Branches:
Dungeon (5/15)             Temple (1/1) D:5           Sewer (visited)

Altars:
Ashenzari
Cheibriados
Dithmenos
Fedhas
Kikubaaqudgha
Nemelex Xobeh
Okawaru
Qazlal
Uskayaw
Wu Jian
Yredelemnul
Zin
The Shining One

Shops:
D:1 (


Innate Abilities, Weirdness & Mutations

You are immune to sickness and miasma.
Your stone body is resilient. (AC +5)
You are immune to poison.
You resist negative energy. (rN+)
You are resistant to electric shocks. (rElec)
You are resistant to unholy torment.
You are immune to petrification.


Message History

Casting: Pain (safe; 1% risk of failure)
Confirm with . or Enter, or press ? or * to list all spells.
Aiming: Pain (safe; 1% risk of failure)
Press: ? - help, Shift-Dir - straight line, f/p - two-headed ogre
Aim: a two-headed ogre, wielding a +0 giant club and a +0 dire flail (lightly wounded, chance to affect: 70%)
The two-headed ogre writhes in agony.
Unknown command.
Casting: Pain (safe; 1% risk of failure)
Confirm with . or Enter, or press ? or * to list all spells.
Aiming: Pain (safe; 1% risk of failure)
Press: ? - help, Shift-Dir - straight line, f/p - two-headed ogre
Aim: a two-headed ogre, wielding a +0 giant club and a +0 dire flail (lightly wounded, chance to affect: 70%)
The two-headed ogre struggles to resist.
Unknown command.
You draw life force from the two-headed ogre!
You feel life coursing into your body.
The two-headed ogre hits you with a +0 giant club!!
The two-headed ogre hits you with a +0 dire flail.
You are too injured to fight recklessly!
Casting: Vampiric Draining (dangerous; 3% risk of failure)
Confirm with . or Enter, or press ? or * to list all spells.
Aiming: Vampiric Draining (dangerous; 3% risk of failure)
Press: ? - help, Shift-Dir - straight line, f/p - two-headed ogre
Aim: a two-headed ogre, wielding a +0 giant club and a +0 dire flail (moderately wounded)
You draw life force from the two-headed ogre!
You feel life coursing into your body.
Unknown command.
Casting: Vampiric Draining (dangerous; 3% risk of failure)
Confirm with . or Enter, or press ? or * to list all spells.
Aiming: Vampiric Draining (dangerous; 3% risk of failure)
Press: ? - help, Shift-Dir - straight line, f/p - two-headed ogre
Aim: a two-headed ogre, wielding a +0 giant club and a +0 dire flail (heavily wounded)
You draw life force from the two-headed ogre.
You feel life coursing into your body.
The two-headed ogre hits you with a +0 giant club!!
* * * LOW HITPOINT WARNING * * *
The two-headed ogre hits you but does no damage.
The two-headed ogre hits you with a +0 giant club!
You die...
Kikubaaqudgha rasps: "You have failed me!
Welcome... oblivion!"

..###.#.#.# #...#.#.#..#.......
........#.#####.###.#.#....⌠..>..
.####.........#.....#.##.........
........#.###.##..........###...#
..........# #..........# #.⌠.#
..........# #..........# #...#
.#..#.....# #.!..#.##.## ###..
....#.....# ##.O..#.##.# #..
#.........# #.@...#..... #..
..........##+###....####.#. #..
#.......#................... #..
#.#.#.###.##########..... #..
#.#.#..........# ...#. ###
#.#.#.######.### .#.# #.#.#.#..
.# ... #.#.#.#.# # ## #.#.#.#.#


You could see a two-headed ogre.

Vanquished Creatures
  Prince Ribbit (D:5)
  Grinder (D:4)
  Eustachio (D:5)
  Menkaure (D:5)
  An orc warrior (D:4)
  A phantom (D:4)
  Blork the orc (D:3)
  2 bullfrogs (Sewer)
  4 hounds
  An orc priest (D:4)
  An iguana (D:5)
  Jessica (D:2)
  Ijyb (D:5)
  Natasha (thrice) (D:2)
  An orc wizard (D:5)
  Robin (D:2)
  2 river rats (D:5)
  11 adders
  An ufetubus (D:5)
  A dart slug (D:1)
  13 orcs
  9 ball pythons
  5 bats
  13 endoplasms
  10 giant cockroaches
  5 hobgoblins
  3 jackals (D:1)
  9 quokkas
  12 frilled lizards
  16 goblins
  6 kobolds
  9 rats
147 creatures vanquished.

Vanquished Creatures (others)
  2 adders (D:5)
2 creatures vanquished.

Grand Total: 149 creatures vanquished

Notes
Turn   | Place    | Note
-------+----------+-------------------------------------------
     0 | D:1      | siradein the Gargoyle Necromancer began the quest for the
                  | Orb.
     0 | D:1      | Reached XP level 1. HP: 10/10 MP: 3/3
   824 | D:1      | Reached XP level 2. HP: 11/16 MP: 5/5
  1424 | D:1      | Reached skill level 1 in Fighting
  1520 | D:1      | Reached XP level 3. HP: 20/20 MP: 6/6
  1575 | D:1      | Found Afiges's Antique Weapon Shoppe.
  1588 | D:1      | Learned a level 3 spell: Vampiric Draining
  1976 | D:2      | Noticed Jessica
  1990 | D:2      | Killed Jessica
  1991 | D:2      | Reached XP level 4. HP: 5/25 MP: 3/7
  2360 | D:2      | Noticed Natasha
  2369 | D:2      | Killed Natasha
  2514 | D:2      | Reached skill level 1 in Armour
  2541 | D:2      | Noticed Robin
  2555 | D:2      | Reached skill level 4 in Necromancy
  2751 | D:2      | Killed Robin
  2752 | D:2      | Reached XP level 5. HP: 13/30 MP: 5/8
  2930 | D:2      | Noticed Natasha
  2935 | D:2      | Killed Natasha
  3097 | D:2      | Found a faded altar of an unknown god.
  3277 | D:2      | You fall into a shaft and drop 1 floor!
  3351 | D:3      | Found a broken altar of Ashenzari.
  3590 | D:2      | Noticed Natasha
  3604 | D:2      | Killed Natasha
  3980 | D:2      | Found a faded altar of an unknown god.
  4319 | D:3      | Found a glowing golden altar of the Shining One.
  4460 | D:3      | Found a hide-covered altar of Uskayaw.
  4463 | D:3      | Found a stormy altar of Qazlal.
  4466 | D:3      | Found an ornate altar of the Wu Jian Council.
  4468 | D:3      | Found a basalt altar of Yredelemnul.
  4470 | D:3      | Found a shadowy altar of Dithmenos.
  4906 | D:4      | Noticed a phantom
  4941 | D:4      | Killed a phantom
  4942 | D:4      | Reached XP level 6. HP: 24/36 MP: 10/10
  5085 | D:4      | Noticed Grinder
  5094 | D:4      | Paralysed by Grinder for 7 turns
  5112 | D:4      | Paralysed by Grinder for 2 turns
  5135 | D:4      | Paralysed by Grinder for 5 turns
  5143 | D:4      | Killed Grinder
  5144 | D:4      | Reached XP level 7. HP: 34/41 MP: 11/11
  5156 | D:4      | Identified the +0 robe "Ifysit" {rPois Will++ Int-3}
  5463 | D:3      | Learned a level 4 spell: Animate Dead
  5465 | D:4      | Noticed Blork the orc
  5654 | D:3      | Killed Blork the orc
  5655 | D:3      | Reached skill level 5 in Necromancy
  6488 | D:5      | Entered Level 5 of the Dungeon
  6589 | D:5      | Noticed Menkaure
  6675 | D:5      | Reached XP level 8. HP: 46/46 MP: 13/13
  6692 | D:5      | Found an iron altar of Okawaru.
  6693 | D:5      | Killed Menkaure
  6694 | D:5      | Reached skill level 1 in Maces & Flails
  6724 | D:5      | Found a glowing drain.
  6734 | Sewer    | Entered a sewer
  7400 | D:5      | Noticed Ijyb
  7413 | D:5      | Killed Ijyb
  7559 | D:5      | Noticed Prince Ribbit
  7560 | D:5      | Noticed Eustachio
  7598 | D:5      | Killed Prince Ribbit
  7601 | D:5      | Killed Eustachio
  7602 | D:5      | Reached skill level 6 in Necromancy
  7856 | D:5      | Found a staircase to the Ecumenical Temple.
  7876 | Temple   | Entered the Ecumenical Temple
  7916 | Temple   | Became a worshipper of Kikubaaqudgha
  7948 | D:5      | Noticed a two-headed ogre
  8387 | D:5      | Slain by a two-headed ogre

Illustrated notes

Levels and vault maps discovered:
D:1:      eino_arrival_tree_alley, layout_loops_corners, serial_shops,
          nicolae_lakefront_shop, minmay_pentomino_w2
D:2:      layout_basic, chequers_ecumenical_altar_lobes, serial_bayou_lake_a,
          uniq_robin, uniq_jessica, uniq_natasha
D:3:      layout_basic, ashenzari_conservatory_becter, tso_oasis_becter,
          minitemple
D:4:      layout_loops_cross, uniq_blork_the_orc, uniq_grinder
D:5:      layout_basic, nzn_overflow_gifts_of_might_and_magic,
          nicolae_overflow_crystal_walls,
          grunt_temple_overflow_champion_of_chaos, minmay_temple_entry_junction,
          portal_sewer_entry_b, grunt_decor_fettered,
          hellmonk_bongcloud_opening, minmay_manual_monstrance, uniq_edmund,
          uniq_eustachio, uniq_menkaure, uniq_ijyb, uniq_prince_ribbit1
Temple:   compressed_dpeg_triangle_lava_temple

Skill      XL: |  1  2  3  4  5  6  7  8 |
---------------+-------------------------+-----
Fighting       | 1 2 3 4 |  4.5
Dodging        | 2 3 |  3.8
Armour         | 1 2 3 4 |  4.2
Necromancy     | 4 5 6 |  6.1
Spellcasting   | 3 4 |  4.4
Maces & Flails | 2 |  2.4
Stealth        | |  2.1

Action                   |  1- 3 |  4- 6 |  7- 9 || total
-------------------------+-------+-------+-------++-------
Melee: Quarterstaff      |    72 |   136 |   338 ||   546
       Unarmed           |     5 |       |       ||     5
       Short sword       |     1 |       |       ||     1
 Cast: Pain              |     7 |    27 |     5 ||    39
       Vampiric Draining |       |       |    22 ||    22
  Use: Scroll            |       |     6 |     1 ||     7
       Potion            |       |     1 |     1 ||     2
 Stab: Sleeping          |     6 |     3 |       ||     9
Armor: Robe              |     2 |       |       ||     2
       Ring mail         |    40 |    86 |   173 ||   299
       Leather armour    |       |       |    17 ||    17
Dodge: Dodged            |    46 |    92 |   270 ||   408

Table legend: (Time is in decaauts)
 A = Elapsed time spent in this place.
 B = Non-inter-level travel time spent in this place.
 C = Inter-level travel time spent in this place.
 D = Time resting spent in this place.
 E = Time spent auto-exploring this place.
 F = Levels seen in this place.
 G = Mean time per level.
                   A        B        C        D        E       F      G
               +--------+--------+--------+--------+--------+-----+--------+
         Total |   8758 |   8648 |    110 |   1206 |   5396 |   7 | 1251.1 |
       Dungeon |   7952 |   7842 |    110 |   1206 |   4929 |   5 | 1590.4 |
        Temple |     50 |     50 |      0 |      0 |     25 |   1 |   50.0 |
         Sewer |    754 |    754 |      0 |      0 |    442 |   1 |  754.0 |
               +--------+--------+--------+--------+--------+-----+--------+

Top non-repeatable levels by time:
     D:1: 2098 daAuts
     D:2: 2013 daAuts
     D:4: 1722 daAuts
     D:3: 1202 daAuts
     D:5: 916 daAuts
   Sewer: 754 daAuts
  Temple: 50 daAuts
